 Dungeon Crawl Stone Soup version 0.23.0 (webtiles) character file.

Game seed: 8950701046515309836

128 Infinimo the Slasher (level 4, -6/37 HPs)
             Began as a Demonspawn Berserker on Feb 9, 2019.
             Was a Believer of Trog.
             Mangled by an orc priest
             ... wielding a +0 mace
              (8 damage)
             ... on level 3 of the Dungeon.
             The game lasted 00:02:30 (2529 turns).

Infinimo the Slasher (Demonspawn Berserker)         Turns: 2529, Time: 00:02:31

Health: -6/37      AC:  8    Str: 19    XL:     4   Next: 87%
Magic:  4/4        EV: 12    Int:  8    God:    Trog [**....]
Gold:   79         SH:  0    Dex: 12    Spells: 3/3 levels left

rFire    . . .     SeeInvis .   a - +0 falchion
rCold    . . .     Gourm    .   (no shield)
rNeg     . . .     Faith    .   b - +0 animal skin
rPois    .         Spirit   .   j - +2 helmet
rElec    .         Reflect  .   (no cloak)
rCorr    .         Harm     .   i - +2 pair of gloves
MR       .....                  (no boots)
Stlth    +.........             (no amulet)
HPRegen  0.12/turn              (no ring)
MPRegen  0.09/turn              (no ring)

@: berserk cooldown, slowed, very slow
A: powered by death 2
a: Berserk, Trog's Hand, Renounce Religion


You were on level 3 of the Dungeon.
You worshipped Trog.
Trog was pleased with you.
You were not hungry.

You visited 1 branch of the dungeon, and saw 3 of its levels.

You collected 79 gold pieces.

Inventory:

Hand Weapons
 a - a +0 falchion (weapon)
Armour
 b - a +0 animal skin (worn)
 i - a +2 pair of gloves (worn)
 j - a +2 helmet (worn)
Potions
 e - a potion of magic
 g - a potion of haste
 h - a potion of might
Comestibles
 c - 3 rations


   Skills:
 + Level 3.8 Fighting
 * Level 4.1 Long Blades
 + Level 2.7 Armour
 - Level 1.7 Dodging


You had 3 spell levels left.
You didn't know any spells.
Your spell library was empty.

Dungeon Overview and Level Annotations

Branches:
Dungeon (3/15)

Altars:
Ashenzari
Okawaru
Trog


Innate Abilities, Weirdness & Mutations

You regenerate health from kills.


Message History

You are no longer berserk.
You are exhausted.
You feel yourself slow down.
The orc priest is heavily wounded.
The orc priest hits you with a +0 mace.
The orc priest is heavily wounded.
The orc priest hits you with a +0 mace.
The orc priest is heavily wounded.
The orc priest calls down the wrath of Beogh upon you.
Beogh smites you!
* * * LOW HITPOINT WARNING * * *
The orc priest is heavily wounded.
The orc priest hits you with a +0 mace.
* * * LOW HITPOINT WARNING * * *
Okay, then.
You're too hungry.
Unknown command.
You eat one of the 4 rations.
That ration really hit the spot!
The orc priest hits you with a +0 mace!
You die...

..).....<##.#####....##
#######.......###.....###
#.....#.#.##.........
..######.#.#.#.#.###.....###
...........................#
..######...#.#..#####..###.#
####.....##.## #..# #
#...#.)###...####..#
#^...<.@ooo........#
#...##.###...####.##
##.....####.#####.#
#.....#..........#
#.....#.##.####### #......#
#o# ##....## #o##### ##..#
#.).o.# .#. #.######.#


You could see an orc priest, an orc wizard and an orc.

Vanquished Creatures
  An orc priest (D:3)
  Jessica (D:2)
  Robin (D:2)
  2 oozes
  3 worms (D:2)
  A dart slug (D:1)
  A giant cockroach (D:1)
  10 goblins
  4 hobgoblins
  3 jackals (D:1)
  2 ball pythons (D:2)
  3 bats
  2 frilled lizards
  7 kobolds
  6 rats
47 creatures vanquished.

Notes
Turn   | Place    | Note
-------+----------+-------------------------------------------
     0 | D:1      | Infinimo the Demonspawn Berserker began the quest for the
                  | Orb.
     0 | D:1      | Reached XP level 1. HP: 18/18 MP: 1/1
    28 | D:1      | Reached skill level 3 in Long Blades
    31 | D:1      | Gained mutation: You regenerate a little health from kills.
                  | [demonic ancestry]
    31 | D:1      | Reached XP level 2. HP: 21/24 MP: 2/2
  1059 | D:2      | Found a bloodstained altar of Trog.
  1190 | D:2      | Reached XP level 3. HP: 29/29 MP: 3/3
  1697 | D:2      | Found an iron altar of Okawaru.
  1752 | D:2      | Reached ** piety under Trog
  1773 | D:2      | Found a shattered altar of Ashenzari.
  1773 | D:2      | Noticed Robin
  1790 | D:2      | Killed Robin
  1897 | D:2      | Gained mutation: You regenerate health from kills. [demonic
                  | ancestry]
  1897 | D:2      | Reached XP level 4. HP: 32/35 MP: 4/4
  2021 | D:2      | Noticed Jessica
  2028 | D:2      | Killed Jessica
  2523 | D:3      | Reached skill level 4 in Long Blades
  2529 | D:3      | Mangled by an orc priest

Skill      XL: |  1  2  3  4 |
---------------+-------------+-----
Long Blades    | 3 4 |  4.1
Armour         | 2 |  2.7
Fighting       | |  3.8
Dodging        | |  1.7

Action                   |  1- 3 |  4- 6 || total
-------------------------+-------+-------++-------
Melee: Falchion          |   107 |    19 ||   126
Invok: Berserk           |     6 |     1 ||     7
  Use: Scroll            |       |     3 ||     3
  Eat: Chunk             |     5 |     1 ||     6
       Ration            |     1 |     1 ||     2
Armor: Animal skin       |    24 |     3 ||    27
Dodge: Dodged            |    71 |    14 ||    85
       Rpst.: Falchion   |    26 |     3 ||    29
